 Dungeon Crawl Stone Soup version 0.29-a0-469-gd254ca6 (webtiles) character file.

Game seed: 11979654258058962171

60367 Think the Warrior (level 14, -3/166 HPs)
             Began as an Octopode Fighter on May 19, 2022.
             Was the Champion of Qazlal.
             Slain by a death yak (16 damage)
             ... on level 6 of the Lair of Beasts on May 22, 2022.
             The game lasted 01:06:17 (21023 turns).

Think the Warrior (Octopode Fighter)               Turns: 21023, Time: 01:06:17

Health: -3/166     AC: 37    Str: 19    XL:     14   Next: 99%
Magic:  15/15      EV:  2    Int: 10    God:    Qazlal [******]
Gold:   1236       SH: 16    Dex: 19    Spells: 8/13 levels left

rFire   . . .      SeeInvis .   H - +6 trident (protect)
rCold   . . .      Faith    .   b - +0 buckler
rNeg    . . .      Spirit   .   (helmet currently unavailable)
rPois   +          Reflect  .   (no amulet)
rElec   .          Harm     .   l - ring of poison resistance
rCorr   .          Rampage  .   w - +6 ring of dexterity
Will    ++...      NoTele   +   F - +4 ring of evasion
Stlth   +.........              P - ring of willpower
HPRegen 0.37/turn               Q - ring of wizardry
MPRegen 0.14/turn               c - +4 ring of slaying
                                (no ring)
                                (no ring)

@: tree-form, silenced, protected from physical damage, under a protective aura,
repel missiles
A: stationary, stasis, torment immunity, boosted hp, almost no armour,
(amphibious), 8 rings, (camouflage 1), (gelatinous body 1), (nimble swimmer 1),
(tentacles)
a: Renounce Religion


You were on level 6 of the Lair of Beasts.
You worshipped Qazlal.
Qazlal was exalted by your worship.
You were a tree.
You visited 2 branches of the dungeon, and saw 19 of its levels.
You also visited: Sewer, Ossuary and Bailey.

You collected 1236 gold pieces.

Inventory:

Hand Weapons
 q - the +11 spear of Usoamy {freeze, rF+ rN+ Will+ Stlth+}
   (You found it on level 3 of the Dungeon)

   It freezes those it strikes, dealing additional cold damage.
   It can also slow down cold-blooded creatures.
   rF:        It protects you from fire.
   rN:        It protects you from negative energy.
   Will:      It increases your willpower.
   Stlth:     It makes you more stealthy.
 H - a +6 trident of protection (weapon)
Missiles
 N - 4 throwing nets
Armour
 b - a +0 buckler (worn)
Jewellery
 c - a +4 ring of slaying (on tentacle)
 l - a ring of poison resistance (left branch)
 w - a +6 ring of dexterity (right branch)
 F - a +4 ring of evasion (on tentacle)
 P - a ring of willpower (on tentacle)
 Q - a ring of wizardry (on tentacle)
Wands
 m - a wand of digging (9)
 o - a wand of polymorph (8)
 r - a wand of charming (12)
 t - a wand of flame (91)
 z - a wand of iceblast (9)
 D - a wand of acid (22)
 K - a wand of paralysis (15)
 L - a wand of mindburst (21)
Scrolls
 d - 3 scrolls of amnesia (quivered)
 g - 4 scrolls of enchant armour
 h - a scroll of fear
 j - 19 scrolls of identify
 p - 2 scrolls of fog
 s - 9 scrolls of teleportation
 u - 4 scrolls of magic mapping
 y - 6 scrolls of noise
 A - 2 scrolls of poison
 B - a scroll of summoning
 J - 3 scrolls of immolation
 O - a scroll of silence
Potions
 a - a potion of mutation {unknown}
 e - 5 potions of attraction
 f - 3 potions of degeneration
 i - 4 potions of flight
 k - 4 potions of brilliance
 v - a potion of lignification
 C - 2 potions of curing
 E - 2 potions of cancellation
 G - a potion of invisibility
 I - 2 potions of magic {unknown}
 M - 2 potions of ambrosia {unknown}


   Skills:
 * Level 15.7 Fighting
 - Level 2.3(3.2) Short Blades
 - Level 3.4(3.8) Long Blades
 - Level 4.6 Maces & Flails
 - Level 12.0 Polearms
 + Level 11.5 Dodging
 + Level 11.5 Shields
 - Level 2.0 Translocations
 - Level 3.0 Ice Magic
 - Level 2.0 Invocations
 - Level 2.0 Evocations


You had 8 spell levels left.
You knew the following spells:

 Your Spells              Type           Power      Damage    Failure   Level
a - Blink                 Tloc           8%         N/A       12%         2
b - Ozocubu's Armour      Ice            6%         N/A       16%         3

Your spell library contained the following spells:

 Spells                   Type           Power      Damage    Failure   Level
 Magic Dart               Conj           0%         1d3       17%         1
 Lesser Beckoning         Tloc           4%         N/A       24%         3
 Searing Ray              Conj           0%         2d4       26%         2
 Conjure Flame            Conj/Fire      0%         6-21      45%         3
 Ignite Poison            Fire/Tmut/Pois 0%         N/A       45%         3
 Mephitic Cloud           Conj/Pois/Air  0%         N/A       45%         3
 Fulminant Prism          Conj/Hex       0%         3d6       85%         4
 Sticky Flame             Conj/Fire      0%         2d3       85%         4
 Manifold Assault         Tloc           4%         N/A       89%         5
 Freezing Cloud           Conj/Ice/Air   1%         6-21      96%         5
 Summon Forest            Summ/Tloc      1%         N/A       96%         5
 Summon Mana Viper        Hex/Summ       0%         N/A       99%         5
 Summon Cactus Giant      Summ           0%         N/A       100%        6
 Ozocubu's Refrigeration  Ice            3%         4d5       100%        7


Dungeon Overview and Level Annotations

Branches:
Dungeon (13/15)            Temple (0/1) D:7            Lair (6/6) D:8
 Shoals (0/4) Lair:2       Spider (0/4) Lair:2          Orc (0/2) D:11
  Sewer (visited)         Ossuary (visited)          Bailey (visited)
  Slime: Lair:5-6    Vaults: D:13-14

Altars:
Dithmenos
Fedhas
Gozag
Hepliaklqana
Kikubaaqudgha
Makhleb
Nemelex Xobeh
Okawaru
Qazlal
Sif Muna
Trog
Xom
The Shining One

Shops:
D:7 *   D:11 [

Annotations:
D:3 exclusion: oklob plant
D:8 3 runed translucent doors, Think's ghost, amateur OpFi
Lair:1 1 runed translucent door, BoldKobold's ghost, novice MiFi
Lair:3 exclusion: oklob plant


Innate Abilities, Weirdness & Mutations

You are a tree.
Your roots penetrate the ground, keeping you stationary.
You cannot be teleported.
You are immune to unholy pain and torment.
Your maximum health is greatly increased.
You cannot wear most types of armour.
((You are amphibious.))
You can wear up to eight rings at the same time.
((Your skin changes colour to match your surroundings (Stealth+).))
((Your rubbery body absorbs attacks. (AC +1, EV +1)))
((You are camouflaged when in or above water. (Stealth+)))
((You have tentacles for arms and can constrict up to eight enemies at once.))


Message History

The death yak is engulfed in blazing flames.
The death yak gores you!
* * * LOW HITPOINT WARNING * * *
Really quaff the potion of lignification?
You turn into a tree.
Your roots penetrate the ground.
You block the death yak's attack.
The death yak is engulfed in blazing flames.
You block the death yak's attack.
Okay, then.
Okay, then.
Okay, then.
Magic scrolls do not work when you're silenced!
You feel better. You block the death yak's attack. The death yak gores you.
* * * LOW HITPOINT WARNING * * *
You feel more protected from physical attacks.
You feel better. The death yak gores you!
* * * LOW HITPOINT WARNING * * *
You feel more protected from physical attacks.
You block the death yak's attack.
You feel better. The death yak gores you!
* * * LOW HITPOINT WARNING * * *
You feel more protected from physical attacks.
You block the death yak's attack.
Okay, then.
You completely miss the death yak.
The death yak is moderately wounded.
You hit the death yak but do no damage.
Your weapon exudes an aura of protection.
The death yak is moderately wounded.
The death yak is engulfed in blazing flames.
The death yak barely misses you. You block the death yak's attack.
You puncture the death yak!
The death yak is heavily wounded.
The death yak is engulfed in blazing flames.
You block the death yak's attack. x2
You hit the death yak.
The death yak is heavily wounded.
The death yak is engulfed in blazing flames.
You block the death yak's attack. The death yak gores you!
You die...

###...#..†<.#
.. #....##...#
# .
#...#P.###.####
###.
.#.............
#...
###...###.#...
##... ######
#####. #...P#
##.# #..
##...##.## #..
#..°.♣Y..# ##.
##..##Y☼.# #.
## #..§..# #.
####...# ##
..## .## ## .#
##P## ###
..###P[P###.##
.......Y.#..P.


You could see 2 death yaks.

Vanquished Creatures
  Kirke (Lair:5)
  5 hydras
  A centaur warrior (D:13)
  5 two-headed ogres
  2 catoblepae
  3 death yaks (D:8)
  A fire crab (Lair:5)
  3 skeletal warriors (D:9)
  An ugly thing (D:11)
  6 slime creatures (D:13)
  2 cyclopes
  3 manticores
  Maurice (D:8)
  6 elephants (Lair:5)
  2 merfolk sirens (Lair:2)
  3 black mambas
  9 cane toads
  Maggie (D:8)
  15 komodo dragons
  2 rime drakes
  5 trolls
  2 merfolk (Lair:2)
  Grinder (D:6)
  3 polar bears
  14 dream sheep
  12 blink frogs
  Sigmund (D:2)
  3 vampires
  5 wraiths
  7 spriggans (Bailey)
  3 hogs (Lair:5)
  4 basilisks
  4 wyverns
  64 yaks
  5 steam dragons
  15 vampire mosquitoes
  An acid dragon (D:11)
  17 water moccasins
  8 orc warriors
  3 swamp drakes (Lair:2)
  2 black bears
  A sky beast (D:7)
  4 ogres
  22 wolves
  3 centaurs
  2 phantoms (D:6)
  4 kobold brigands
  11 bullfrogs
  A gnoll sergeant (D:10)
  3 scorpions
  14 wights
  20 killer bees
  An electric eel (Lair:1)
  3 howler monkeys
  2 jellies
  2 hounds (D:6)
  12 orc priests
  A gnoll shaman (D:10)
  8 iguanas
  Jessica (D:3)
  Ijyb (D:3)
  Natasha (twice) (D:2)
  17 orc wizards
  5 hell rats (Lair:4)
  Robin (D:2)
  11 gnolls
  11 adders
  2 white imps
  2 ufetubi
  3 adder zombies (Ossuary)
  2 worms (D:4)
  3 dart slugs
  56 orcs
  13 endoplasms
  8 giant cockroaches
  19 goblins
  10 hobgoblins
  A jackal (D:3)
  5 quokkas
  14 ball pythons
  2 ball python skeletons (Ossuary)
  7 bats
  8 frilled lizards
  2 hobgoblin zombies (Ossuary)
  24 kobolds
  2 kobold zombies (Ossuary)
  6 rats
603 creatures vanquished.

Vanquished Creatures (collateral kills)
  A bullfrog (D:9)
  2 kobolds (D:9)
3 creatures vanquished.

Vanquished Creatures (others)
  A dream sheep (Lair:6)
  44 fungi
  68 plants
113 creatures vanquished.

Grand Total: 719 creatures vanquished

Notes
Turn   | Place    | Note
-------+----------+-------------------------------------------
     0 | D:1      | Think the Octopode Fighter began the quest for the Orb.
     0 | D:1      | Reached XP level 1. HP: 16/16 MP: 1/1
    67 | D:1      | Found a faded altar of an unknown god.
    77 | D:1      | Prayed at the altar of an unknown god.
    77 | D:1      | Became a worshipper of Qazlal Stormbringer
    77 | D:1      | Reached * piety under Qazlal
   291 | D:1      | Reached skill level 1 in Long Blades
   291 | D:1      | Reached XP level 2. HP: 21/21 MP: 2/2
  1181 | D:2      | Reached XP level 3. HP: 26/26 MP: 3/3
  1236 | D:2      | Reached ** piety under Qazlal
  1301 | D:2      | Noticed Natasha
  1307 | D:2      | Killed Natasha
  1308 | D:2      | Reached XP level 4. HP: 5/31 MP: 4/4
  1311 | D:2      | Identified the +7 mace "Tormentor" {vorpal, *Corrode rElec
                  | Dex+7 Stlth+}
  1726 | D:2      | Noticed Sigmund
  1730 | D:2      | Killed Sigmund
  1731 | D:2      | Reached XP level 5. HP: 25/36 MP: 5/5
  1731 | D:2      | Reached XP level 6. HP: 29/42 MP: 6/6
  1934 | D:2      | Noticed Robin
  1940 | D:2      | Killed Robin
  2326 | D:2      | Noticed Natasha
  2329 | D:2      | Killed Natasha
  2339 | D:2      | Found an opulent altar of Gozag.
  2658 | D:3      | Identified the +11 spear of Usoamy {freeze, rF+ rN+ Will+
                  | Stlth+}
  2666 | D:3      | Noticed Jessica
  2669 | D:3      | Found a faded altar of an unknown god.
  2670 | D:3      | Found a hazy altar of Hepliaklqana.
  2672 | D:3      | Killed Jessica
  2673 | D:3      | Reached skill level 1 in Polearms
  2808 | D:3      | Found a shadowy altar of Dithmenos.
  2820 | D:3      | Noticed Ijyb
  2826 | D:3      | Killed Ijyb
  2920 | D:3      | Found a glowing golden altar of the Shining One.
  3124 | D:3      | Learned a level 2 spell: Blink
  3203 | D:3      | Reached *** piety under Qazlal
  3570 | D:3      | Found a blossoming altar of Fedhas.
  3612 | D:3      | Noticed an oklob plant
  3869 | D:4      | Reached XP level 7. HP: 46/46 MP: 7/7
  3976 | D:4      | Reached skill level 1 in Translocations
  4126 | D:4      | Found a glowing drain.
  4140 | Sewer    | Entered a sewer
  4340 | Sewer    | Reached **** piety under Qazlal
  4734 | D:5      | Entered Level 5 of the Dungeon
  4741 | D:5      | Reached skill level 5 in Polearms
  4755 | D:5      | Reached XP level 8. HP: 50/52 MP: 8/8
  5650 | D:6      | Reached ***** piety under Qazlal
  5778 | D:6      | Noticed Grinder
  5790 | D:6      | Killed Grinder
  5791 | D:6      | Reached XP level 9. HP: 38/56 MP: 9/9
  5958 | D:6      | Noticed a manticore
  5964 | D:6      | Killed a manticore
  5965 | D:6      | Reached skill level 10 in Polearms
  6565 | D:6      | Found a sparkling altar of Nemelex Xobeh.
  6753 | D:7      | Reached XP level 10. HP: 56/63 MP: 10/10
  6837 | D:7      | Found a bloodstained altar of Trog.
  6888 | D:7      | Reached skill level 1 in Invocations
  6992 | D:7      | Found a staircase to the Ecumenical Temple.
  7050 | D:7      | Noticed a cyclops
  7062 | D:7      | Killed a cyclops
  7063 | D:7      | Reached skill level 4 in Fighting
  7089 | D:7      | Found a flagged portal.
  7094 | Bailey   | Entered a bailey
  7148 | Bailey   | Reached skill level 5 in Fighting
  7171 | Bailey   | Noticed a two-headed ogre
  7184 | Bailey   | Killed a two-headed ogre
  7185 | Bailey   | Reached skill level 6 in Fighting
  7443 | D:7      | Reached skill level 5 in Dodging
  7443 | D:7      | Reached skill level 5 in Shields
  7496 | D:7      | Found Xepumedd's Elemental Accessories.
  7710 | D:8      | Noticed Maurice
  7746 | D:9      | Reached XP level 11. HP: 52/74 MP: 12/12
  7752 | D:9      | Noticed a two-headed ogre
  7755 | D:9      | Reached skill level 1 in Evocations
  7766 | D:9      | Killed a two-headed ogre
  7767 | D:9      | Reached skill level 7 in Fighting
  8053 | D:9      | Noticed a skeletal warrior
  8053 | D:9      | Noticed a skeletal warrior
  8152 | D:8      | Noticed Maggie
  8169 | D:8      | Killed Maggie
  8370 | D:8      | Found a sand-covered staircase.
  8376 | Ossuary  | Entered an ossuary
  8712 | D:8      | Noticed a death yak
  8723 | D:8      | Noticed a death yak
  8731 | D:8      | Noticed a death yak
  8744 | D:8      | Killed a death yak
  8745 | D:8      | Reached skill level 8 in Fighting
  8764 | D:8      | Killed a death yak
  8791 | D:8      | Killed a death yak
  8834 | D:8      | Killed Maurice
  8835 | D:8      | Reached skill level 9 in Fighting
  9063 | D:8      | Found a staircase to the Lair.
  9131 | D:8      | Noticed Think's ghost (amateur OpFi)
  9132 | D:8      | Noticed a red ugly thing
  9133 | D:8      | Found a runed translucent gate.
  9133 | D:8      | Found a runed translucent gate.
  9133 | D:8      | Noticed a deep elf pyromancer
  9137 | D:8      | Found a runed translucent gate.
  9327 | D:8      | Found a shimmering blue altar of Sif Muna.
  9380 | D:8      | Upgraded the game from 0.29-a0-452-g763a177 to
                  | 0.29-a0-453-gf113fcf
  9380 | D:8      | Upgraded the game from 0.29-a0-453-gf113fcf to
                  | 0.29-a0-457-g93c1fc3
  9400 | D:8      | Identified the +1 leather armour of Awe {rElec rCorr
                  | Stlth+}
  9727 | D:9      | Noticed a skeletal warrior
  9760 | D:9      | Killed a skeletal warrior
  9771 | D:9      | Killed a skeletal warrior
  9772 | D:9      | Reached XP level 12. HP: 42/86 MP: 4/13
 10100 | D:9      | Found an ancient bone altar of Kikubaaqudgha.
 10253 | D:9      | Found an iron altar of Okawaru.
 10565 | D:9      | Found a shimmering altar of Xom.
 10565 | D:9      | Found a shimmering altar of Xom.
 10565 | D:9      | Found a shimmering altar of Xom.
 10565 | D:9      | Found a shimmering altar of Xom.
 10566 | D:9      | Found a shimmering altar of Xom.
 10873 | D:10     | Entered Level 10 of the Dungeon
 10882 | D:10     | Reached skill level 10 in Fighting
 11071 | D:10     | You fall into a shaft and drop 2 floors!
 11151 | D:13     | Noticed a centaur warrior
 11169 | D:13     | Killed a centaur warrior
 11462 | D:13     | Reached skill level 11 in Fighting
 11653 | D:12     | Noticed a two-headed ogre
 11673 | D:12     | Killed a two-headed ogre
 11913 | D:12     | Upgraded the game from 0.29-a0-457-g93c1fc3 to
                  | 0.29-a0-459-g97dee8c
 12147 | D:12     | Reached ****** piety under Qazlal
 12407 | D:12     | Found a bloodstained altar of Trog.
 12451 | D:12     | Noticed a two-headed ogre
 12458 | D:12     | Killed a two-headed ogre
 12770 | D:11     | Reached XP level 13. HP: 96/96 MP: 14/14
 12836 | D:11     | Reached skill level 12 in Fighting
 13405 | D:10     | Found a burning altar of Makhleb.
 14057 | D:11     | Found a staircase to the Orcish Mines.
 14517 | D:11     | Found Wada's Dragon-Slaying Spoils.
 14651 | Lair:1   | Entered Level 1 of the Lair of Beasts
 14706 | D:8      | Reached skill level 13 in Fighting
 15219 | Lair:1   | Found a runed translucent door.
 15221 | Lair:1   | Noticed BoldKobold's ghost (novice MiFi)
 15221 | Lair:1   | Identified the +6 trident "Demonslayer" {speed, rF+}
 15885 | Lair:2   | Reached skill level 10 in Dodging
 15885 | Lair:2   | Reached skill level 10 in Shields
 16603 | Lair:2   | Reached skill level 14 in Fighting
 16731 | Lair:2   | Found a staircase to the Shoals.
 16841 | Lair:2   | Found a hole to the Spider Nest.
 17014 | Lair:2   | Learned a level 3 spell: Ozocubu's Armour
 17059 | Lair:3   | Reached XP level 14. HP: 102/108 MP: 15/15
 17065 | Lair:3   | Reached skill level 1 in Ice Magic
 19051 | Lair:5   | Reached skill level 15 in Fighting
 19320 | Lair:5   | Noticed Kirke
 19329 | Lair:5   | Killed Kirke
 19655 | Lair:6   | Entered Level 6 of the Lair of Beasts
 20757 | Lair:5   | Upgraded the game from 0.29-a0-459-g97dee8c to
                  | 0.29-a0-469-gd254ca6
 21023 | Lair:6   | Slain by a death yak

Illustrated notes

Levels and vault maps discovered:
D:1:      lemuel_arrival_river_bridge, layout_loops_ring,
          hellmonk_ecumenical_altar_crossroads
D:2:      minmay_razor_zed, layout_loops_corners, basic_altar, uniq_natasha,
          uniq_robin, uniq_sigmund
D:3:      kennysheep_big_flooded_room, layout_loops_cross,
          beargit_hepliaklqana_dungeon_heroes,
          mainiacjoe_overflow_catch_the_wave, tgw_fedhas, uniq_ijyb,
          uniq_jessica
D:4:      minmay_spotlight, layout_rooms, cheibrodos_sewer_entry_bend,
          minmay_misc_feat_chi
D:5:      layout_rooms, grunt_ministairs_10
D:6:      layout_loops_ring, lemuel_coloured_pillars_altar, minmay_three_doors,
          uniq_grinder
D:7:      layout_rooms, trog_book, minmay_temple_entry_antechambers,
          serial_glass, glass_columns_b, glass_columns_b, enter_bailey_3,
          nrook_mini_vaults, nicolae_elemental_shop
D:8:      layout_gridville, kennysheep_mini_moat, dpeg_lair_monsters,
          nicolae_ossuary_entry_plus, gammafunk_ghost_split, uniq_maurice,
          uniq_maggie
D:9:      layout_long_grid, amcnicky_altar_gilded, xom_redecorated,
          old_standard_altar, minivault_11
D:10:     layout_long_grid, lightli_temple_of_fire
D:11:     layout_loops_ring, orc_0_dummy, nicolae_shop_dragon_depot,
          kennysheep_generic_room_5
D:12:     layout_basic, trog_antimagical
D:13:     layout_basic, minmay_evil_grid, uniq_erolcha
Lair:1:   layout_cave_pods, ebering_ghost_funeral_grove,
          gammafunk_lair_bear_cave
Lair:2:   beast_lair_carwin_large_1, layout_gridlike, elwin_shoals_entry_stream,
          dummy_spider_entry, pond
Lair:3:   layout_misc_corridors, minmay_lair_oklob_items
Lair:4:   layout_regular_city, lemuel_fruit_fields
Lair:5:   layout_roguey, gauntlet_entry_generic, grunt_megastairs_1, uniq_kirke
Lair:6:   evilmike_catoblepas_cave, layout_loops_ring, slime_dummy,
          grunt_megastairs_4

Skill      XL: |  1  2  3  4  5  6  7  8  9 10 11 12 13 14 |
---------------+-------------------------------------------+-----
Long Blades    | 1 2 3 |  3.4
Maces & Flails | 4 |  4.6
Polearms       | 2 5 9 11 12 | 12.0
Translocations | 2 |  2.0
Invocations    | 2 |  2.0
Fighting       | 6 9 11 14 15 | 15.7
Dodging        | 5 7 8 10 11 | 11.5
Shields        | 5 7 8 10 11 | 11.5
Evocations     | 2 |  2.0
Ice Magic      | 3 |  3.0
Short Blades   | |  2.3

Action                   |  1- 3 |  4- 6 |  7- 9 | 10-12 | 13-15 || total
-------------------------+-------+-------+-------+-------+-------++-------
Melee: Rapier            |    51 |     1 |       |       |       ||    52
       Constrict         |    12 |    14 |    36 |    46 |    88 ||   196
       Tentacles         |     7 |    10 |    27 |    91 |   178 ||   313
       Mace              |       |    41 |       |       |       ||    41
       Spear             |       |    44 |   225 |   513 |   755 ||  1537
       Punch             |       |     1 |       |     7 |    12 ||    20
       Trident           |       |       |       |       |     8 ||     8
 Cast: Ozocubu's Armour  |       |       |       |       |     4 ||     4
Invok: Elemental Force   |       |       |       |     2 |       ||     2
       Upheaval          |       |       |       |     2 |     4 ||     6
       Disaster Area     |       |       |       |     1 |     1 ||     2
Evoke: Wand              |       |       |       |     4 |     5 ||     9
  Use: Potion            |     1 |       |     7 |    16 |     9 ||    33
       Scroll            |       |       |     8 |    13 |     7 ||    28
 Stab: Paralysed         |       |       |       |     2 |       ||     2
       Petrified         |       |       |       |       |     2 ||     2
       Petrifying        |       |       |       |       |     1 ||     1
Armor: Skin              |     1 |     7 |     1 |     7 |     8 ||    24
Dodge: Dodged            |    20 |    25 |    70 |   130 |   329 ||   574
       Repelled          |       |       |     3 |       |     5 ||     8
Block: Buckler           |    15 |    22 |    49 |   147 |   333 ||   566
       Other             |       |       |       |       |     2 ||     2

Table legend: (Time is in decaauts)
 A = Elapsed time spent in this place.
 B = Non-inter-level travel time spent in this place.
 C = Inter-level travel time spent in this place.
 D = Time resting spent in this place.
 E = Time spent auto-exploring this place.
 F = Levels seen in this place.
 G = Mean time per level.
                   A        B        C        D        E       F      G
               +--------+--------+--------+--------+--------+-----+--------+
         Total |  20312 |  19751 |    561 |   4787 |  11936 |  22 |  923.3 |
       Dungeon |  13383 |  12973 |    410 |   2683 |   8345 |  13 | 1029.5 |
          Lair |   6016 |   5866 |    150 |   2030 |   3080 |   6 | 1002.7 |
         Sewer |    361 |    361 |      0 |      0 |    273 |   1 |  361.0 |
       Ossuary |    240 |    240 |      0 |      0 |    143 |   1 |  240.0 |
        Bailey |    311 |    311 |      0 |     73 |     95 |   1 |  311.0 |
               +--------+--------+--------+--------+--------+-----+--------+

Top non-repeatable levels by time:
  Lair:5: 1896 daAuts
     D:9: 1538 daAuts
     D:2: 1526 daAuts
     D:8: 1363 daAuts
    D:12: 1266 daAuts
  Lair:4: 1193 daAuts
     D:3: 1186 daAuts
  Lair:2: 1158 daAuts
     D:1: 1138 daAuts
  Lair:1: 1070 daAuts
    D:10: 1033 daAuts
     D:6: 1024 daAuts
    D:11: 934 daAuts
     D:4: 831 daAuts
     D:7: 639 daAuts
